 Dungeon Crawl Stone Soup version 0.22.1-1-ga44c0e56f4 (webtiles) character file.

4024 Ihlosi the Fighter (level 10, -8/119 HPs)
             Began as an Ogre Fighter on Oct 30, 2018.
             Mangled by Harold
             ... wielding a +0 halberd
              (26 damage)
             ... on level 7 of the Dungeon.
             The game lasted 00:24:39 (8434 turns).

Ihlosi the Fighter (Ogre Fighter)                   Turns: 8434, Time: 00:24:40

Health: -8/119     AC:  3    Str: 23 (24) XL:     10   Next: 24%
Magic:  12/12      EV:  8    Int:  8 (10) God:
Gold:   421        SH: 12    Dex:  8 (10) Spells: 9/9 levels left

rFire    + . .     SeeInvis .   a - +1 whip (elec)
rCold    . . .     Gourm    .   c - +0 shield
rNeg     . . .     Faith    .   L - +0 robe {MR+}
rPois    .         Spirit   .   (helmet restricted)
rElec    .         Reflect  .   (no cloak)
rCorr    .         Harm     .   (gloves unavailable)
MR       ++...     Rnd*Rage +   (boots unavailable)
Stlth    +.........             m - amulet of regeneration
HPRegen  0.69/turn              Q - ring of protection from fire
MPRegen  0.13/turn              (no ring)

@: no status effects
A: large, unfitting armour, large bone plates 1, berserk 1, strong 1, tough skin
1
a: no special abilities


You were on level 7 of the Dungeon.
You were not hungry.

You visited 1 branch of the dungeon, and saw 8 of its levels.
You also visited: Ossuary.

You collected 421 gold pieces.

Inventory:

Hand Weapons
 a - a +1 whip of electrocution (weapon)
 i - a +0 flail
 M - a cursed -3 dagger
 N - a +0 dagger of venom
Armour
 c - a +0 shield (worn)
 L - a +0 robe of magic resistance (worn)
Jewellery
 m - an amulet of regeneration (around neck)
 D - an uncursed ring of fire
 E - an uncursed amulet of harm
 J - an uncursed ring of wizardry
 O - an uncursed ring of ice
 Q - a ring of protection from fire (left hand)
Wands
 e - a wand of enslavement (9)
 y - a wand of acid (7)
 F - a wand of clouds (5)
 H - a wand of polymorph (1)
 R - a wand of flame (34)
Scrolls
 b - a scroll of enchant weapon {unknown}
 j - 2 scrolls of amnesia {unknown}
 k - 5 scrolls of identify
 l - 4 scrolls of blinking
 n - 4 scrolls of teleportation
 o - 2 scrolls of magic mapping {unknown}
 q - 4 scrolls of remove curse
 s - 2 scrolls of enchant armour {unknown}
 t - 3 scrolls of fear {unknown}
 u - a scroll of summoning {unknown}
 B - 2 scrolls of random uselessness {unknown}
 C - a scroll of fog {unknown}
 I - 3 scrolls of immolation {unknown}
Potions
 d - a potion of might
 g - a potion of curing
 h - a potion of degeneration
 p - a potion of ambrosia {unknown}
 r - 4 potions of cancellation
 v - a potion of brilliance {unknown}
 w - 2 potions of flight {unknown}
 x - 2 potions of haste {unknown}
 z - a potion of berserk rage {unknown}
 A - 2 potions of heal wounds {unknown}
 G - a potion of resistance {unknown}
 K - 2 potions of lignification {unknown}
Comestibles
 f - 9 rations


   Skills:
 + Level 13.2 Fighting
 * Level 8.1 Maces & Flails
 - Level 3.0 Armour
 - Level 3.0 Dodging
 - Level 3.0 Shields
 - Level 3.0 Evocations


You had 9 spell levels left.
You didn't know any spells.
Your spell library contained the following spells:

 Spells                   Type           Power        Failure   Level  Hunger
 Confusing Touch          Hex            #.....       85%         1    ##.....
 Confuse                  Hex            #.......     99%         3    ####...
 Gell's Gravitas          Tloc           #.........   99%         3    ####...
 Petrify                  Tmut/Erth      #.......     100%        4    #####..
 Metabolic Englaciation   Hex/Ice        #.........   100%        5    ######.
 Yara's Violent Unravell  Hex/Tmut       #.........   100%        5    ######.


Dungeon Overview and Level Annotations

Branches:
Dungeon (8/15)             Temple (0/1) D:5
   Lair: D:8-11

Altars:
Dithmenos
Kikubaaqudgha
Makhleb
Vehumet
Xom

Shops:
D:5 [

Annotations:
D:7 Harold


Innate Abilities, Weirdness & Mutations

You are too large for most types of armour.
You have tough skin. (AC +1)
You are partially covered in large bone plates. (SH +4)
You tend to lose your temper in combat.
Your muscles are strong. (Str +2)


Message History

Harold is heavily wounded.
You block Harold's attack.
You hit Harold. Lightning courses through Harold!
Harold is severely wounded.
You hit Harold. Lightning courses through Harold!
Harold is almost dead.
Harold hits you with a halberd!
* * * LOW HITPOINT WARNING * * *
Harold points at you and mumbles some strange words.
A sentinel's mark forms upon you.
It was a potion of degeneration.
There was something very wrong with that liquid.
You feel weakened.
You feel dopey.
You feel clumsy. Harold completely misses you.
It was a potion of cancellation.
Your magical effects are unravelling.
You feel magically purged.
The sentinel's mark upon you fades away.
Harold hits you from afar with a halberd!!
You die...

#..# #####..#### #.
#.......... #. ##
##...###. #. ..
#........ #. .#
##...###. #. .#
##...... #.###@##.#
#..#### #..@(....#
#..#### ##.#######
##.....> #.# ##...####
#.### ##.....##
####.#.## ##.......##
#.......####.........#
#..........+.........'
#.......####.........#
#.......# ##.......##


You could see Harold.

Vanquished Creatures
  Pikel (D:5)
  3 hogs (D:7)
  A yak (D:7)
  A human (D:7)
  2 steam dragons (D:7)
  A sky beast (D:5)
  A slave (D:5)
  An orc warrior (D:5)
  A black bear (D:7)
  A necrophage (D:7)
  An ogre (D:6)
  2 centaurs
  2 big kobolds (D:7)
  An elf zombie (Ossuary)
  4 bullfrogs
  3 scorpions
  10 killer bees
  A howler monkey (D:7)
  2 crimson imps
  A centaur zombie (Ossuary)
  An orc priest (D:5)
  2 human zombies (Ossuary)
  2 hounds
  3 orc wizards
  A centaur skeleton (D:6)
  A bullfrog skeleton (D:4)
  3 iguanas
  4 worker ants
  A big kobold zombie (Ossuary)
  2 hound zombies (Ossuary)
  A hound skeleton (D:4)
  3 mummies (Ossuary)
  A howler monkey skeleton (D:4)
  9 adders
  A river rat (D:7)
  A shadow imp (D:7)
  4 adder zombies (Ossuary)
  2 adder skeletons (D:7)
  A worm (D:4)
  3 dart slugs
  7 leopard geckos
  12 orcs
  A ball python (D:1)
  A bat (D:1)
  8 giant cockroaches
  4 gnoll zombies (Ossuary)
  11 hobgoblins
  3 quokkas
  4 frilled lizards
  19 goblins
  2 hobgoblin zombies (Ossuary)
  4 jackal zombies (Ossuary)
  14 kobolds
  5 kobold zombies (Ossuary)
  A leopard gecko skeleton (D:4)
  An orc zombie (Ossuary)
  3 quokka skeletons (D:4)
  2 quokka zombies (Ossuary)
  6 rats
  5 rat zombies (Ossuary)
199 creatures vanquished.

Vanquished Creatures (others)
  An orc (D:7)
  2 kobolds (D:7)
3 creatures vanquished.

Grand Total: 202 creatures vanquished

Notes
Turn   | Place    | Note
-------+----------+-------------------------------------------
     0 | D:1      | Ihlosi the Ogre Fighter began the quest for the Orb.
     0 | D:1      | Reached XP level 1. HP: 24/24 MP: 1/1
    63 | D:1      | Reached XP level 2. HP: 20/32 MP: 2/2
   803 | D:1      | Reached XP level 3. HP: 40/41 MP: 3/3
  1017 | D:2      | Found a shadowy altar of Dithmenos.
  1029 | D:2      | Reached skill level 5 in Fighting
  1050 | D:2      | Found an ancient bone altar of Kikubaaqudgha.
  1121 | D:2      | Found a radiant altar of Vehumet.
  1271 | D:2      | Reached XP level 4. HP: 51/52 MP: 4/4
  1525 | D:2      | Reached skill level 6 in Fighting
  2354 | D:3      | Reached XP level 5. HP: 50/61 MP: 5/5
  2430 | D:4      | Found a sand-covered staircase.
  2436 | Ossuary  | Entered an ossuary
  2477 | Ossuary  | Reached skill level 7 in Fighting
  2671 | Ossuary  | Reached skill level 8 in Fighting
  2747 | Ossuary  | Reached XP level 6. HP: 44/74 MP: 6/6
  3022 | Ossuary  | Reached skill level 9 in Fighting
  3266 | D:4      | Reached XP level 7. HP: 29/84 MP: 7/7
  3602 | D:4      | Found a burning altar of Makhleb.
  3630 | D:4      | Reached skill level 10 in Fighting
  4212 | D:5      | Entered Level 5 of the Dungeon
  4420 | D:5      | Found Buluqah's Armour Shop.
  4979 | D:5      | Found a staircase to the Ecumenical Temple.
  4981 | D:5      | Noticed Pikel
  5004 | D:5      | Killed Pikel
  5004 | D:5      | Reached skill level 12 in Fighting
  5004 | D:5      | Reached XP level 8. HP: 73/101 MP: 8/8
  5792 | D:6      | Reached skill level 1 in Armour
  5792 | D:6      | Reached skill level 1 in Evocations
  6244 | D:6      | Reached XP level 9. HP: 96/107 MP: 10/10
  7079 | D:7      | Gained mutation: You tend to lose your temper in combat.
                  | [potion of mutation]
  7079 | D:7      | Gained mutation: You are partially covered in large bone
                  | plates. (SH +4) [potion of mutation]
  7079 | D:7      | Gained mutation: Your muscles are strong. (Str +2) [potion
                  | of mutation]
  7096 | D:7      | Reached skill level 5 in Maces & Flails
  7507 | D:7      | Reached skill level 13 in Fighting
  7716 | D:7      | Found a shimmering altar of Xom.
  7717 | D:7      | Found a shimmering altar of Xom.
  7718 | D:7      | Found a shimmering altar of Xom.
  7718 | D:7      | Found a shimmering altar of Xom.
  7983 | D:7      | Reached XP level 10. HP: 119/119 MP: 12/12
  8408 | D:7      | Noticed Harold
  8434 | D:7      | Mangled by Harold

Skill      XL: |  1  2  3  4  5  6  7  8  9 10 |
---------------+-------------------------------+-----
Dodging        | 3 |  3.0
Shields        | 3 |  3.0
Fighting       | 5 6 8 9 12 13 | 13.2
Maces & Flails | 4 7 8 |  8.1
Armour         | 1 2 3 |  3.0
Evocations     | 1 2 3 |  3.0

Action                   |  1- 3 |  4- 6 |  7- 9 | 10-12 || total
-------------------------+-------+-------+-------+-------++-------
Melee: Flail             |   108 |   285 |   120 |       ||   513
       Unarmed           |       |       |     2 |       ||     2
       Whip              |       |       |   262 |    82 ||   344
Evoke: Wand              |       |       |     5 |       ||     5
  Use: Potion            |       |       |     3 |     2 ||     5
       Scroll            |       |       |     4 |       ||     4
 Stab: Sleeping          |       |       |     1 |       ||     1
  Eat: Chunk             |     1 |     4 |    16 |     1 ||    22
       Ration            |       |     1 |       |       ||     1
Armor: Robe              |    24 |    53 |    43 |     1 ||   121
Dodge: Dodged            |    33 |   121 |   107 |    12 ||   273
Block: Shield            |    55 |   114 |   165 |    38 ||   372
